 Dungeon Crawl Stone Soup version 0.29-a0-337-g68df138881 (webtiles) character file.

Game seed: 14601884290307544004

456 Essalna the Magician (level 7, -1/53 HPs)
             Began as a Djinni Conjurer on Apr 16, 2022.
             Slain by an orc warrior
             ... wielding a +0 battleaxe
              (13 damage)
             ... on level 5 of the Dungeon.
             The game lasted 00:06:31 (4531 turns).

Essalna the Magician (Djinni Conjurer)              Turns: 4531, Time: 00:06:32

Health: -1/53      AC:  3    Str:  6    XL:     7   Next: 27%
Gold:   214        EV: 12    Int: 22    God:
                   SH:  0    Dex: 11

rFire   + + .      SeeInvis .   (no weapon)
rCold   x . .      Faith    .   (no shield)
rNeg    . . .      Spirit   .   a - +0 robe
rPois   ∞          Reflect  .   (no helmet)
rElec   .          Harm     .   d - +0 cloak
rCorr   .          Rampage  .   (no gloves)
Will    .....                   (boots unavailable)
Stlth   ++........              (no amulet)
HPRegen 0.17/turn               (no ring)
MPRegen 0.00/turn               (no ring)

@: flying
A: sickness immunity, fire resistance 2, cold vulnerability 1, float, innate
caster, HP casting, extra vitality 1
a: no special abilities


You were on level 5 of the Dungeon.
You visited 1 branch of the dungeon, and saw 5 of its levels.

You collected 214 gold pieces.

Inventory:

Armour
 a - a +0 robe (worn)
 d - a +0 cloak (worn)
 i - a scarf of invisibility
Scrolls
 b - 2 scrolls of amnesia {unknown}
 c - a scroll of enchant weapon {unknown}
 g - a scroll of magic mapping {unknown}
 h - a scroll of teleportation {unknown}
 j - a scroll of fog {unknown}
 l - a scroll of noise {unknown}
 o - a scroll of enchant armour {unknown}
 p - a scroll of identify {unknown}
 r - a scroll of summoning {unknown}
Potions
 e - 2 potions of degeneration {unknown}
 f - 6 potions of curing {unknown}
 k - a potion of heal wounds {unknown}
 m - 2 potions of attraction {unknown}
 n - 2 potions of might {unknown}
 q - a potion of cancellation {unknown}
 s - a potion of lignification {unknown}


   Skills:
 + Level 4.8 Fighting
 - Level 2.1 Dodging
 - Level 1.5 Stealth
 + Level 5.0 Spellcasting


You couldn't memorise any spells.
You knew the following spells:

 Your Spells              Type           Power      Damage    Failure   Level
a - Magic Dart            Conj           100%       1d8       1%          1
b - Searing Ray           Conj           54%        2d6       1%          2
c - Dazzling Flash        Conj/Hex       54%        N/A       3%          3
d - Fulminant Prism       Conj/Hex       13%        3d9       12%         4
e - Iskenderun's Mystic   Conj/Tloc      27%        2d7       12%         4
f - Beastly Appendage     Tmut           54%        N/A       1%          1
g - Static Discharge      Conj/Air       27%        N/A       1%          2
h - Confusing Touch       Hex            27%        N/A       3%          3
Your spell library was empty.

Dungeon Overview and Level Annotations

Branches:
Dungeon (5/15)
 Temple: D:4-7

Altars:
Nemelex Xobeh

Shops:
D:4 :


Innate Abilities, Weirdness & Mutations

You are immune to sickness and miasma.
You are immune to poison.
Your flesh is very heat resistant. (rF++)
You are vulnerable to cold. (rC-)
You float through the air rather than walking.
You learn spells naturally, not from books.
Your magical power is your life essence.
You have superior vitality. (+4 MHP)


Message History

The searing ray hits the orc warrior.
The orc warrior is lightly wounded.
The searing ray hits the orc.
The orc is severely wounded.
The orc priest calls upon Beogh to heal the orc.
The orc's wounds heal themselves!
The orc warrior barely misses you.
The searing ray hits the orc warrior but does no damage.
The orc warrior is lightly wounded.
The searing ray hits something.
The searing ray hits the orc.
The orc is heavily wounded.
You finish channelling your searing ray.
The orc warrior hits you with a +0 battleaxe.
Casting: Searing Ray (safe; 1% risk of failure)
Confirm with . or Enter, or press ? or * to list all spells.
Aiming: Searing Ray (safe; 1% risk of failure)
Press: ? - help, Shift-Dir - straight line, f/p - orc warrior
Aim: an orc warrior, wielding a +0 battleaxe, wearing a +0 plate armour and quivering boomerangs (lightly wounded, 79% to hit)
The searing ray hits the orc warrior.
The orc warrior is lightly wounded.
The searing ray hits something.
Reactivating autopickup.
You feel a bit more experienced.
The searing ray hits the orc!
You kill the orc!
The searing ray hits the orc priest.
The orc priest is moderately wounded. (Press . to maintain the ray.)
The orc warrior barely misses you.
The searing ray hits the orc warrior.
The orc warrior is moderately wounded.
The searing ray hits the orc priest!
The orc priest is almost dead.
The orc warrior hits you with a +0 battleaxe!
* * * LOW HITPOINT WARNING * * *
The searing ray hits the orc warrior but does no damage.
The orc warrior is moderately wounded.
The searing ray hits the orc priest!
You kill the orc priest!
* * * LOW HITPOINT WARNING * * *
The orc warrior hits you with a +0 battleaxe!
You die...

.......
.....
.....
... ...
#)# #)#
#o# #@#
#.# #.#
#.# #.#
#.# #.#
#.# #†#


You could see an orc warrior.

Vanquished Creatures
  A kobold brigand (D:4)
  A scorpion (D:5)
  2 orc priests
  An iguana (D:4)
  Natasha (thrice) (D:3)
  2 orc wizards
  An adder (D:4)
  3 gnolls (D:4)
  A worm (D:2)
  3 dart slugs
  4 orcs
  5 bats
  5 endoplasms
  3 giant cockroaches
  7 goblins
  9 hobgoblins
  3 jackals (D:4)
  30 kobolds
  4 quokkas
  10 ball pythons
  4 frilled lizards
  8 rats
110 creatures vanquished.

Vanquished Creatures (others)
  10 plants (D:4)
10 creatures vanquished.

Grand Total: 120 creatures vanquished

Notes
Turn   | Place    | Note
-------+----------+-------------------------------------------
     0 | D:1      | Essalna the Djinni Conjurer began the quest for the Orb.
     0 | D:1      | Reached XP level 1. HP: 15/15 MP: 0/0
   165 | D:1      | Reached XP level 2. HP: 20/22 MP: 0/0
   168 | D:1      | Reached skill level 1 in Fighting
   647 | D:1      | Reached XP level 3. HP: 22/27 MP: 0/0
   647 | D:1      | Learned a level 1 spell: Beastly Appendage
  1859 | D:2      | Reached XP level 4. HP: 29/33 MP: 0/0
  2279 | D:3      | Reached skill level 4 in Spellcasting
  2284 | D:3      | Reached XP level 5. HP: 21/40 MP: 0/0
  2284 | D:3      | Learned a level 2 spell: Static Discharge
  2510 | D:3      | Noticed Natasha
  2515 | D:3      | Killed Natasha
  2825 | D:3      | Noticed Natasha
  2831 | D:3      | Killed Natasha
  2948 | D:3      | Noticed Natasha
  2952 | D:3      | Killed Natasha
  2953 | D:3      | Reached XP level 6. HP: 42/46 MP: 0/0
  3018 | D:4      | Noticed a two-headed ogre
  3364 | D:4      | Found Osyguu's Book Boutique.
  3616 | D:4      | Found a sparkling altar of Nemelex Xobeh.
  4299 | D:4      | Reached XP level 7. HP: 43/53 MP: 0/0
  4299 | D:4      | Learned a level 3 spell: Confusing Touch
  4476 | D:5      | Entered Level 5 of the Dungeon
  4485 | D:5      | Reached skill level 5 in Spellcasting
  4531 | D:5      | Slain by an orc warrior

Illustrated notes

Levels and vault maps discovered:
D:1:      dpeg_arrival_rooms_a, layout_loops_cross
D:2:      layout_loops_ring
D:3:      layout_rooms, serial_glass, glass_columns_a, glass_columns_c,
          glass_columns_b, glass_columns_c, glass_columns_a, glass_columns_a,
          glass_columns_b, glass_columns_a, glass_columns_a, glass_columns_a,
          glass_columns_c, glass_columns_a, glass_columns_a, glass_columns_c,
          item_on_display_a, feat_on_display, uniq_natasha
D:4:      kennysheep_kobold_camp, layout_rooms, nicolae_overflow_hidden_temple,
          serial_shops, shop_fountains
D:5:      layout_basic

Skill      XL: |  1  2  3  4  5  6  7 |
---------------+----------------------+-----
Fighting       | 1 2 3 4 |  4.8
Spellcasting   | 4 5 |  5.0
Dodging        | |  2.1
Stealth        | |  1.5

Action                   |  1- 3 |  4- 6 |  7- 9 || total
-------------------------+-------+-------+-------++-------
 Cast: Magic Dart        |    82 |    95 |    10 ||   187
       Searing Ray       |       |     6 |     2 ||     8
       Static Discharge  |       |     2 |       ||     2
       Iskenderun's Myst |       |     5 |       ||     5
Armor: Robe              |       |     2 |       ||     2
Dodge: Dodged            |     4 |    10 |     3 ||    17

Table legend: (Time is in decaauts)
 A = Elapsed time spent in this place.
 B = Non-inter-level travel time spent in this place.
 C = Inter-level travel time spent in this place.
 D = Time resting spent in this place.
 E = Time spent auto-exploring this place.
 F = Levels seen in this place.
 G = Mean time per level.
                   A        B        C        D        E       F      G
               +--------+--------+--------+--------+--------+-----+--------+
         Total |   4539 |   4332 |    207 |    336 |   3519 |   5 |  907.8 |
       Dungeon |   4539 |   4332 |    207 |    336 |   3519 |   5 |  907.8 |
               +--------+--------+--------+--------+--------+-----+--------+

Top non-repeatable levels by time:
     D:3: 1350 daAuts
     D:1: 1178 daAuts
     D:4: 1063 daAuts
     D:2: 892 daAuts
     D:5: 54 daAuts
